Map: Blackpink LE

Players

SpeCial - Winner!

  • Race: Terran Terran
  • Spawn Location: 7:00

Semper

  • Race: Terran Terran
  • League: Master
  • Spawn Location: 1:00

VOD

Have the link to the VOD?

Description

Time

  • Played on: Feb. 1, 2018, 7:50 p.m.
  • Length: 10:23
Show
View Real Time Build Order
Export as new Build Order

SpeCial Terran - Winner!

Build Orders: Gas First Reaper Expand, Reaper Expand, Mech 

Get SALT Encoding   

  12  0:00  SCV  
  13  0:12  SCV  
  14  0:17  Supply Depot  
  14  0:24  SCV  
  14  0:27  Refinery  
  15  0:39  SCV  
  16  0:44  Barracks  
  16  0:51  SCV  
  17  1:03  SCV  
  18  1:15  SCV  
  19  1:31  Reaper, Orbital Command  
  20  1:45  Command Center  
  20  1:56  Factory  
  20  1:59  SCV  
  21  2:06  Barracks Reactor  
  21  2:11  SCV  
  21  2:15  Supply Depot  
  22  2:22  Refinery  
  22  2:23  SCV  
  23  2:36  SCV  
  24  2:47  Hellion  
  24  2:48  Hellion, SCV  
  29  2:57  Orbital Command  
  29  3:00  SCV  
  30  3:08  Cyclone  
  30  3:09  Cyclone  
  36  3:13  SCV  
  37  3:26  SCV  
  38  3:28  SCV  
  37  3:35  Command Center  
  37  3:44  SCV x2  
  37  3:45  Cyclone  
  42  3:48  Cyclone  
  42  3:53  Supply Depot  
  45  3:58  SCV  
  46  4:10  Supply Depot  
  46  4:14  SCV x2  
  46  4:20  Cyclone  
  46  4:21  Cyclone  
  52  4:26  SCV x2  
  54  4:33  Refinery  
  54  4:34  Refinery  
  54  4:35  Supply Depot  
  54  4:38  SCV x2  
  54  4:45  Barracks Tech Lab  
  56  4:48  Factory  
  56  4:50  SCV  
  56  4:51  SCV  
  55  4:58  Cyclone  
  57  5:00  Hellion  
  57  5:01  Orbital Command  
  57  5:03  SCV  
  57  5:05  SCV  
  58  5:15  SCV  
  58  5:16  Starport  
  58  5:17  SCV  
  58  5:19  Barracks Reactor  
  62  5:21  Hellion  
  62  5:27  SCV  
  61  5:29  SCV, Orbital Command  
  61  5:31  Hellion  
  60  5:39  SCV  
  60  5:42  Hellion  
  63  5:43  SCV  
  58  5:51  SCV  
  58  5:52  Hellion  
  58  5:55  SCV, Factory  
  58  5:57  Infernal Pre-Igniter  
  62  5:58  Siege Tank  
  62  5:59  SCV  
  62  6:02  Viking  
  62  6:04  Viking, SCV  
  69  6:07  Supply Depot, SCV  
  69  6:08  Supply Depot  
  69  6:09  Hellion  
  74  6:12  SCV  
  74  6:16  SCV  
  74  6:17  Armory  
  76  6:19  SCV  
  76  6:20  Hellion  
  76  6:24  SCV, Refinery  
  76  6:25  Refinery  
  80  6:28  SCV  
  80  6:30  Siege Tank  
  80  6:31  SCV  
  85  6:35  Supply Depot  
  85  6:36  SCV  
  85  6:38  Viking  
  88  6:42  Supply Depot  
  88  6:44  Viking  
  88  6:45  Supply Depot  
  90  6:47  SCV  
  90  6:48  SCV x2  
  90  6:51  Factory Tech Lab  
  90  6:53  Hellion x2  
  97  7:00  SCV  
  97  7:01  SCV  
  99  7:02  Hellion  
  99  7:06  Terran Vehicle Weapons Level 1  
  101  7:10  Factory x2  
  101  7:11  SCV  
  101  7:12  SCV  
  103  7:18  Supply Depot  
  103  7:21  Viking  
  103  7:22  Viking  
  107  7:26  Supply Depot  
  107  7:27  SCV x2  
  109  7:35  Hellion  
  109  7:36  Hellion, Siege Tank  
  109  7:37  Siege Tank  
  119  7:38  SCV  
  119  7:39  SCV  
  119  7:40  Liberator x2  
  121  7:55  Factory Tech Lab, Factory Reactor  
  121  7:57  Hellion x2  
  131  7:59  Command Center  
  131  8:07  Supply Depot x2  
  131  8:08  Siege Tank  
  131  8:09  Siege Tank  
  131  8:10  Engineering Bay  
  137  8:25  Hellion x2  
  141  8:29  SCV x2, Siege Tank  
  141  8:33  Supply Depot  
  141  8:34  Supply Depot, Armory  
  146  8:40  Siege Tank  
  153  8:41  Hellion x2, Siege Tank  
  153  8:46  Hellion  
  156  8:49  Hellion  
  156  8:52  Supply Depot  
  156  8:53  Supply Depot  
  156  8:54  Viking x2  
  160  8:58  Sensor Tower  
  160  9:03  SCV x3  
  160  9:09  Hellion x4  
  171  9:12  Siege Tank  
  174  9:20  Planetary Fortress  
  174  9:24  Refinery x2  
  165  9:41  Hellion x3, Siege Tank  
  160  9:42  Hellion  
Show
View Real Time Build Order
Export as new Build Order

Semper Terran 

Build Orders: MMM Bio 

Get SALT Encoding   

  12  0:00  SCV  
  13  0:12  SCV  
  14  0:17  Supply Depot  
  14  0:25  SCV  
  14  0:28  Refinery  
  15  0:39  SCV  
  16  0:44  Barracks  
  16  0:51  SCV  
  17  1:03  SCV  
  18  1:15  SCV  
  19  1:32  Reaper, Orbital Command  
  20  1:48  Command Center  
  20  1:58  SCV  
  21  2:01  Factory  
  21  2:05  Reaper  
  22  2:15  Supply Depot  
  22  2:17  SCV  
  22  2:21  Refinery  
  23  2:36  SCV  
  24  2:46  Hellion  
  24  2:47  Starport  
  24  2:48  SCV  
  27  2:53  Barracks Reactor  
  27  2:59  Orbital Command  
  27  3:01  SCV  
  28  3:12  Cyclone  
  31  3:13  SCV  
  31  3:27  Orbital Command  
  31  3:31  SCV x2  
  32  3:36  Supply Depot  
  32  3:39  Marine x2  
  34  3:43  SCV  
  33  3:51  Cyclone  
  33  3:53  SCV  
  33  3:55  SCV  
  40  3:58  Supply Depot  
  40  4:00  Viking  
  40  4:04  Engineering Bay  
  40  4:05  SCV, Marine  
  40  4:06  Marine  
  40  4:07  SCV  
  43  4:22  Marine  
  43  4:24  Marine  
  43  4:26  Liberator  
  43  4:27  Cyclone  
  45  4:32  Bunker  
  45  4:34  SCV  
  45  4:37  SCV  
  47  4:40  Marine  
  47  4:42  Marine  
  52  4:47  Supply Depot  
  48  4:53  SCV  
  48  4:56  SCV  
  48  4:58  Marine  
  48  4:59  Marine  
  45  5:04  Cyclone  
  45  5:05  SCV  
  50  5:08  SCV  
  50  5:09  Bunker  
  51  5:16  Marine  
  51  5:17  SCV  
  51  5:18  Command Center  
  53  5:21  SCV  
  53  5:26  Marine  
  47  5:29  SCV  
  47  5:34  SCV, Marine  
  46  5:37  Liberator  
  46  5:41  SCV  
  46  5:46  Factory Tech Lab  
  44  5:53  SCV  
  44  5:54  SCV  
  50  5:58  Refinery x2  
  48  6:04  Barracks  
  48  6:05  Siege Tank, Barracks  
  48  6:06  SCV x2  
  48  6:09  Barracks Tech Lab  
  53  6:17  Bunker  
  53  6:18  SCV x2  
  55  6:20  Terran Infantry Weapons Level 1  
  55  6:28  Marine  
  55  6:30  SCV x2, Orbital Command, Stimpack  
  58  6:41  Siege Tank  
  58  6:42  SCV x2  
  58  6:46  Marine  
  64  6:51  Barracks x2  
  64  6:52  Barracks Tech Lab  
  64  6:54  SCV x2, Marine x2  
  64  6:57  SCV  
  64  6:59  Starport Reactor  
  64  7:00  Supply Depot  
  69  7:02  Orbital Command  
  69  7:06  SCV x2, Marauder  
  73  7:13  Supply Depot, Marine x2, Marauder  
  73  7:14  Siege Tank  
  80  7:18  SCV x2  
  82  7:23  Supply Depot  
  82  7:27  Marauder  
  84  7:30  SCV x3, Marine  
  84  7:36  Marauder, Marine, Combat Shields  
  88  7:38  Medivac x2  
  88  7:42  SCV x2  
  94  7:45  SCV  
  94  7:46  Barracks Reactor, Barracks Tech Lab, Supply Depot  
  94  7:48  Marine  
  93  7:54  SCV  
  93  7:56  Siege Tank  
  93  7:58  SCV  
  98  7:59  Refinery x2  
  98  8:01  Supply Depot  
  97  8:06  Marine  
  97  8:07  Marauder  
  97  8:09  SCV  
  97  8:11  SCV x2  
  97  8:12  Marine, Marauder  
  106  8:21  SCV  
  106  8:24  Marine x2, Marauder  
  106  8:25  Marine  
  106  8:28  Siege Tank, Marauder  
  106  8:29  Orbital Command  
  106  8:32  Marine  
  106  8:33  Marauder  
  108  8:41  Marine  
  108  8:42  Marine  
  108  8:43  Marine  
  108  8:45  Marauder  
  113  8:49  Marine  
  113  8:50  Marine  
  113  8:54  Marine  
  113  8:55  SCV x3  
  119  9:00  Supply Depot, Siege Tank  
  119  9:02  Refinery  
  122  9:05  Medivac  
  122  9:07  SCV  
  125  9:14  SCV x2, Marine, Medivac  
  125  9:15  Marine x2  
  132  9:19  Marine x3  
  132  9:21  Marine  
  130  9:32  Marine x2  
  130  9:33  Marine  
  130  9:35  Siege Tank  
  130  9:37  Marine x3  
  131  9:38  Marine  
Tags
 
Add a new tag
Caveats
  • Supply blocks, unpowered buildings, or Contaminate may cause inaccurate times.
  • Supply counts are checked every 10 seconds.